 Dungeon Crawl Stone Soup version 0.21.1-1-g345015fe64 (webtiles) character file.

1101 Ivernyr the Ogre Mage (level 8, -7/120 HPs)
             Began as an Ogre Wizard on May 2, 2018.
             Was a Follower of Sif Muna.
             Killed by divine providence
             ... invoked by an orc priest
              (9 damage)
             ... on level 5 of the Dungeon.
             The game lasted 00:28:21 (5850 turns).

Ivernyr the Ogre Mage (Ogre Wizard)                 Turns: 5850, Time: 00:28:22

Health: -7/120     AC: 24    Str: 12    XL:     8   Next: 32%
Magic:  25/28      EV:  1    Int: 26    God:    Sif Muna [*.....]
Gold:   189        SH:  0    Dex: 12    Spells: 13/22 levels left

rFire    + . .     SeeInvis .   i - +2 spear (flame)
rCold    . . .     Gourm    .   (no shield)
rNeg     + + +     Faith    .   (armour currently unavailable)
rPois    +         Spirit   .   (helmet currently unavailable)
rElec    .         Reflect  .   (cloak currently unavailable)
rCorr    .         Harm     .   (gloves unavailable)
MR       .....     NoTele   +   (boots unavailable)
Stlth    +++.......             r - amulet of magic regeneration
HPRegen  0.30/turn              p - ring of protection from fire
MPRegen  0.46/turn              n - ring of magical power

@: brilliant, agile, tree-form
A: large, unfitting armour
a: Divine Energy, Renounce Religion


You were on level 5 of the Dungeon.
You worshipped Sif Muna.
Sif Muna was aware of your devotion.
You were hungry.
You were a tree.
You visited 1 branch of the dungeon, and saw 5 of its levels.

You collected 189 gold pieces.

Inventory:

Hand Weapons
 i - a +2 spear of flaming (weapon)
Missiles
 y - 4 large rocks (quivered)
Armour
 a - a +0 robe (melded)
 b - a +0 hat (melded)
Jewellery
 n - a ring of magical power (right branch)
 p - a ring of protection from fire (left branch)
 r - an amulet of magic regeneration (around neck)
Scrolls
 f - a scroll of random uselessness {unknown}
 j - 2 scrolls of teleportation {unknown}
 k - a scroll of amnesia {unknown}
 l - 4 scrolls of identify {unknown}
 m - a scroll of immolation {unknown}
 u - a scroll of fear {unknown}
 w - a scroll of enchant armour {unknown}
 x - a scroll of blinking {unknown}
 z - a scroll of enchant weapon {unknown}
Potions
 e - a potion of might {unknown}
 g - a potion of lignification
 h - a potion of flight {unknown}
 o - a potion of agility
 q - a potion of heal wounds {unknown}
 s - a potion of brilliance
 t - a potion of magic {unknown}
 v - a potion of curing {unknown}
Books
 c - a book of Minor Magic

   Spells                             Type                      Level
   a - Magic Dart                     Conjuration                  1
   b - Blink                          Translocation                2
   c - Call Imp                       Summoning                    2
   d - Slow                           Hexes                        2
   e - Conjure Flame                  Conjuration/Fire             3
   f - Mephitic Cloud                 Conjuration/Poison/Air       3
Comestibles
 d - 12 rations


   Skills:
 + Level 5.2 Fighting
 - Level 2.0 Dodging
 - Level 1.4 Stealth
 * Level 7.6 Spellcasting
 + Level 3.9 Conjurations
   Level 0.8 Summonings
 - Level 0.8 Translocations
 + Level 4.1 Invocations


You had 13 spell levels left.
You knew the following spells:

 Your Spells              Type           Power        Failure   Level  Hunger
a - Magic Dart            Conj           ####         1%          1    None
b - Blink                 Tloc           N/A          1%          2    None
c - Conjure Flame         Conj/Fire      #####...     1%          3    None
d - Mephitic Cloud        Conj/Pois/Air  ####....     1%          3    None


Dungeon Overview and Level Annotations

Branches:
Dungeon (5/15)
 Temple: D:4-7

Altars:
Ashenzari
Dithmenos
Elyvilon
Gozag
Kikubaaqudgha
Qazlal
Ru
Sif Muna


Innate Abilities, Weirdness & Mutations

You are too large for most types of armour.
((You have tough skin. (AC +1)))


Message History

Deactivating autopickup; reactivate with Ctrl-A.
The orc hits you but does no damage.
Attack whom?
Press: ? - help, Dir - move target cursor, f/p - orc priest
Aim: an orc priest, wielding a trident and wearing a runed ring mail (severely wounded)
You reach to attack!
You closely miss the orc priest.
The orc priest is severely wounded.
The orc priest hits you but does no damage.
You hear some strange, mumbled words.
A magic dart appears from out of thin air!
The magic dart hits you! The jelly hits you but does no damage.
Attack whom?
Press: ? - help, Dir - move target cursor, f/p - orc priest
Aim: an orc priest, wielding a trident and wearing a runed ring mail (severely wounded)
You reach to attack!
You hit the orc priest.
The orc priest is almost dead.
The orc hits you but does no damage.
The orc priest calls down the wrath of Beogh upon you.
Beogh smites you!
You die...

.#.#........#.....#...#
#........##....#...###
...#........##.†..#.....# .#
... ..............#.....#####.#
...#...........#.##............
...#...........#.##............
...............o...............
... ...........{...###.........
.. ######.....o♣..............
#......J...###.........
#..........###o........
#.....#..........######
#.....##.........## #.....
#..........# .......
####.......# ....... ##.......#
#.)......#


You could see a jelly, an orc priest and an orc.

Vanquished Creatures
  The ghost of artanisace the Ruffian, an amateur TrMo (D:3)
  A sky beast (D:4)
  2 ogres
  A phantom (D:3)
  A centaur (D:4)
  A scorpion (D:5)
  A crimson imp (D:5)
  2 jellies (D:5)
  2 centaur skeletons (D:4)
  A worker ant (D:3)
  3 orc wizards
  A hound skeleton (D:4)
  Robin (D:4)
  2 adders
  3 worms
  2 dart slugs
  A leopard gecko (D:3)
  15 orcs
  2 ball pythons
  6 giant cockroaches
  18 goblins
  10 hobgoblins
  7 jackals
  6 kobolds
  4 quokkas
  5 bats
  4 frilled lizards
  8 rats
111 creatures vanquished.

Vanquished Creatures (others)
  A goblin (D:4)
1 creature vanquished.

Grand Total: 112 creatures vanquished

Notes
Turn   | Place    | Note
-------+----------+-------------------------------------------
     0 | D:1      | Ivernyr the Ogre Wizard began the quest for the Orb.
     0 | D:1      | Reached XP level 1. HP: 16/16 MP: 5/5
    16 | D:1      | Reached skill level 1 in Conjurations
   510 | D:1      | Reached XP level 2. HP: 24/24 MP: 2/6
   516 | D:1      | Learned a level 2 spell: Blink
  1061 | D:2      | Found a white marble altar of Elyvilon.
  1072 | D:2      | Reached skill level 4 in Spellcasting
  1230 | D:2      | Found an opulent altar of Gozag.
  1520 | D:2      | Reached XP level 3. HP: 32/32 MP: 6/8
  1586 | D:2      | Reached skill level 1 in Fighting
  1591 | D:2      | Learned a level 3 spell: Conjure Flame
  1943 | D:2      | Found a deep blue altar of Sif Muna.
  2015 | D:2      | Became a worshipper of Sif Muna the Loreminder
  2096 | D:2      | Noticed an ogre
  2110 | D:2      | Killed an ogre
  2110 | D:2      | Reached skill level 1 in Invocations
  2110 | D:2      | Reached XP level 4. HP: 26/42 MP: 3/10
  2110 | D:2      | Reached XP level 5. HP: 31/49 MP: 3/12
  2224 | D:2      | Learned a level 3 spell: Mephitic Cloud
  2290 | D:3      | Found a shattered altar of Ashenzari.
  2367 | D:3      | Reached skill level 5 in Spellcasting
  2449 | D:3      | Found a deep blue altar of Sif Muna.
  2456 | D:3      | Found an ancient bone altar of Kikubaaqudgha.
  2473 | D:3      | Found a stormy altar of Qazlal.
  2532 | D:3      | Noticed artanisace's ghost (amateur TrMo)
  2607 | D:3      | Killed artanisace's ghost
  2607 | D:3      | Reached XP level 6. HP: 33/61 MP: 3/14
  2771 | D:3      | Found a sacrificial altar of Ru.
  3032 | D:3      | Reached skill level 6 in Spellcasting
  3112 | D:3      | Noticed a phantom
  3159 | D:3      | Killed a phantom
  3159 | D:3      | Reached XP level 7. HP: 40/68 MP: 11/16
  3274 | D:3      | Reached * piety under Sif Muna
  3433 | D:4      | Noticed Robin
  4727 | D:4      | Reached skill level 7 in Spellcasting
  4731 | D:4      | Reached XP level 8. HP: 47/79 MP: 18/18
  5011 | D:4      | Killed Robin
  5151 | D:4      | Found a shadowy altar of Dithmenos.
  5263 | D:5      | Entered Level 5 of the Dungeon
  5300 | D:4      | Reached skill level 5 in Fighting
  5846 | D:5      | HP: 1/80 [orc priest/nerve-wracking pain (8)]
  5850 | D:5      | Killed from afar by an orc priest

Skill      XL: |  1  2  3  4  5  6  7  8 |
---------------+-------------------------+-----
Conjurations   | 1 2 3 |  3.9
Dodging        | 2 |  2.0
Spellcasting   | 4 5 6 7 |  7.6
Fighting       | 2 3 4 5 |  5.2
Invocations    | 1 2 3 4 |  4.1
Stealth        | |  1.4
Summonings     | |  0.8
Translocations | |  0.8

Action                   |  1- 3 |  4- 6 |  7- 9 || total
-------------------------+-------+-------+-------++-------
Melee: Spear             |    23 |    73 |    81 ||   177
 Cast: Magic Dart        |    73 |    64 |   158 ||   295
       Conjure Flame     |     1 |     9 |     4 ||    14
       Blink             |       |     2 |    12 ||    14
       Mephitic Cloud    |       |     1 |     1 ||     2
  Use: Potion            |       |       |     3 ||     3
 Stab: Paralysed         |       |     1 |       ||     1
  Eat: Chunk             |     3 |     4 |     5 ||    12
       Ration            |       |       |     1 ||     1
Armor: Robe              |    12 |    10 |    40 ||    62
       Skin              |       |       |     5 ||     5
Dodge: Dodged            |    17 |    22 |   119 ||   158
